TKirby, chaotic female elven Priestess ---------------- ------ |...............# |....| |..............|# # |....| |..............+##### |....| ----.-----.---.-# ###..`.%+ ######## ###|<...| # # # ####+....| ## ------ -%- .III |..(| |...| |.\.| |..) . ----- TKirby the Acolyte Experience level: 3 Strength: 12 Dexterity: 13 Constitution: 16 Intelligence: 8 Wisdom: 20 Charisma: 8 Health: 0(28) Energy: 54(54) Def: 3 Gold: 520 Moves: 1673 Dungeon seed: 2bpsxGb3l5qDv6Bs Game ID: TKirby_1506966019 Your Inventory: Coins $ - 520 gold pieces Amulets k - a cursed amulet of ESP Weapons a - a blessed +1 mace (weapon in hand) Armor e - a +0 robe (being worn) n - a +0 small shield (being worn) Comestibles d - a sprig of wolfsbane p - 2 food rations Scrolls s - a scroll of enchant armor Spellbooks f - a spellbook of remove curse g - a spellbook of light Potions b - 4 potions of holy water j - a potion of see invisible Rings l - a cursed -1 ring of gain constitution u - a +3 ring of protection Tools h - a wooden harp m - a figurine of a grid bug Spells and supernatural/magical abilities: Name Level Category Fail Memory l - light 1 divination 0% 92% r - remove curse 3 clerical 0% 92% W - pray for help -- divine ? -- X - turn undead -- divine ? -- Your skills at the end: Fighting Skills Weapon Skills mace [Basic] Spellcasting Skills clerical spells [Basic] Final Attributes: You were piously aligned. You had infravision. You are dead. Vanquished creatures: a bugbear a kitten 2 hobgoblins a yellow mold 2 red molds a gecko 6 jackals 2 foxes 3 goblins 2 sewer rats 3 grid bugs 2 lichens a kobold zombie a newt 28 creatures vanquished. Voluntary challenges: You followed a strict vegan diet. You used a wielded weapon 23 times, starting on turn 4. You read items or engraved 1 time, starting on turn 230. You never genocided any monsters. You never polymorphed an object. You never changed form. You used no wishes. You never split a pudding. You never wrote Elbereth's name. You never violated your personal moral code. Dungeon overview: The Dungeons of Doom: levels 1 to 5 Level 1 a fountain a long staircase Level 2 some fountains a long staircase Level 3 Level 4 a fountain Level 5 <- You were here a throne History has recorded: On T:1 you entered the Dungeons of Doom to retrieve the Amulet of Yendor! On T:419 you reached level 2 of The Dungeons of Doom. On T:728 you advanced to experience level 2. On T:813 you reached level 3 of The Dungeons of Doom. On T:1309 you reached level 4 of The Dungeons of Doom. On T:1610 you reached level 5 of The Dungeons of Doom. On T:1614 you advanced to experience level 3. Score breakdown: Gold: 520 ( 9241 points) Experience: 3 levels ( 7878 points) Exploration: 5 levels ( 10.87%) ( 8944 points) Discoveries: 1 item ( 0.35%) ( 1773 points) Valuables value: (no points given unless you survive) Artifact value: 0 ( 0 points) Variety of kills: 14 monsters ( 3.67%) ( 5750 points) Turncount: 1673 turns ( 0 points) Survival: died (score multiplied by 80%) Total score: 26868 Latest messages: The hobgoblin misses maple. Maple picks up an iron skull cap. Maple misses the goblin. (2x) Maple bites the goblin. The goblin is killed! The bugbear picks up an iron skull cap. The bugbear puts on an iron skull cap. The hobgoblin misses maple. Maple bites the hobgoblin. You hear some noises. The hobgoblin misses maple. Maple drops an iron skull cap. Maple bites the hobgoblin. The hobgoblin is killed! You stop. Maple is in the way! Maple is killed! There is a doorway here. There are a few objects here. The kobold hits! You miss the large kobold. The hobgoblin hurls a milky potion! The flask crashes on your head and breaks into shards. You feel rather tired. It hits! (3x) You die... Final status: Goodbye TKirby the Priestess, killed by a kobold, while sleeping off potion vapours... You died in The Dungeons of Doom on dungeon level 5 with 26868 points, and 520 pieces of gold, after 1673 moves. You were level 3 with a maximum of 28 hit points when you died.